 Dungeon Crawl Stone Soup version 0.19-a0-386-gde47aeb (webtiles) character file.

543 Chemotherapy the Conjurer (level 7, 0/40 HPs)
             Began as a Tengu Fire Elementalist on May 30, 2016.
             Slain by a gnoll
             ... wielding a +0 flail
              (5 damage)
             ... on level 4 of the Dungeon.
             The game lasted 00:08:55 (4020 turns).

Chemotherapy the Conjurer (Tengu Fire Elementalist) Turns: 4020, Time: 00:08:56

Health: 0/40       AC:  5    Str:  8    XL:     7   Next: 27%
Magic:  2/13       EV: 14    Int: 21    God:
Gold:   211        SH:  0    Dex: 15    Spells: 3 memorised, 5 levels left

rFire  . . .     SeeInvis .     l - +2 whip (freeze)
rCold  . . .     Gourm    .     a - +0 robe
rNeg   . . .     Faith    .     (no shield)
rPois  .         Spirit   .     (helmet restricted)
rElec  .         Dismiss  .     t - +2 cloak
rCorr  .         Reflect  .     (no gloves)
SustAt .         Harm     .     (boots unavailable)
MR     .....                    (no amulet)
Stlth  ++........               w - +4 ring of intelligence
                                y - ring of wizardry {Wiz+, !d}

@: not resistant to hostile enchantments, unstealthy
A: beak, talons 3, able to fly 1
a: Fly


You were on level 4 of the Dungeon.
You were hungry.

You visited 1 branch of the dungeon, and saw 4 of its levels.

You collected 211 gold pieces.

Inventory:

Hand Weapons
 f - a +0 dagger
   (You found it on level 1 of the Dungeon)
 g - a +0 trident
   (You found it on level 2 of the Dungeon)
 l - a +2 whip of freezing (weapon)
   (You found it on level 2 of the Dungeon)
Armour
 a - a +0 robe (worn)
 t - a +2 cloak (worn)
   (You found it on level 2 of the Dungeon)
 A - a cursed +0 cloak
   (You found it on level 3 of the Dungeon)
Jewellery
 e - an uncursed ring of protection from fire {rF+, !d}
   (You found it on level 1 of the Dungeon)
 w - a +4 ring of intelligence (right hand)
   (You found it on level 2 of the Dungeon)
 y - a ring of wizardry (left hand) {Wiz+, !d}
   (You found it on level 3 of the Dungeon)
Scrolls
 d - 2 scrolls of enchant armour {unknown}
 h - 2 scrolls of magic mapping {unknown}
 i - 2 scrolls of fear
 n - a scroll of teleportation {unknown}
 o - a scroll of recharging
 q - a scroll of fog {unknown}
 r - a scroll of immolation {unknown}
 v - a scroll of remove curse
 C - a scroll of blinking {unknown}
Potions
 k - 2 potions of haste
 m - 2 potions of might {unknown}
 p - a potion of magic
 s - a potion of heal wounds {unknown}
 u - a potion of degeneration {unknown}
 z - 3 potions of curing {unknown}
Books
 b - a book of Flames
Comestibles
 c - 3 bread rations {@e1}
 j - a meat ration {@e2}
 x - 3 chunks of flesh {@w0}
 B - 2 slices of pizza


   Skills:
 + Level 2.0 Fighting
 + Level 3.6 Dodging
 - Level 2.0 Stealth
 * Level 3.6 Spellcasting
 * Level 5.5 Conjurations
 * Level 5.2 Fire Magic


You had 5 spell levels left.
You knew the following spells:

 Your Spells              Type           Power        Failure   Level  Hunger
a - Flame Tongue          Conj/Fire      ####.        1%          1    None
c - Conjure Flame         Conj/Fire      ####....     1%          3    ###....
s - Sticky Flame          Conj/Fire      ####....     7%          4    ####...


Dungeon Overview and Level Annotations

Branches:
Dungeon (4/15)
 Temple: D:4-7

Altars:
Qazlal


Innate Abilities, Weirdness & Mutations

You have a beak for a mouth.
You have claws for feet.
You can fly.


Message History

You take 7 damage, and have 27/34 hp.
MASSIVE DAMAGE!!
You now have 2/11 mp.
You hit the gnoll shaman. You freeze the gnoll shaman.
The gnoll shaman burns!
You kill the gnoll shaman!
Your Conjurations skill increases to level 5! 2 gnolls come into view.
The gnoll shouts! x3
The gnoll closely misses you.
Things that are here:
a whip; a robe; an adder corpse You don't have enough magic to cast that spell.
Unknown command.
Okay, then.
You see here an enchanted spear.
You don't have enough magic to cast that spell.
The gnoll hits you with a vampiric whip.
You take 2 damage, and have 27/35 hp.
You swoop lightly up into the air.
You feel very comfortable in the air.
You feel somewhat more hungry.
You now have 0/11 mp.
The gnoll barely misses you.
A scorpion comes into view.
Found a stone staircase leading up.
An ogre comes into view. It is wielding a giant spiked club.
There is a stone staircase leading up here.
The scorpion closely misses you.
You fly upwards.
There is a stone staircase leading down here.
You start resting.
Eating one of 4 chunks of flesh {@w0}.
You continue eating. x2
You are starting to lose your buoyancy.
You regained 2 hp, and now have 33/35 hp.
You regained 2 mp, and now have 6/11 mp.
You start resting.
You float gracefully downwards.
There is a stone staircase leading down here.
There is a stone staircase leading down here.
Health restored: 35; MP restored: 11 You climb downwards.
Grinder comes into view.
There is a stone staircase leading up here.
Grinder shouts!
Grinder barely misses you.
Aim: Grinder The sticky flame hits Grinder.
Grinder is covered in liquid flames!
Grinder burns!
Grinder blinks!
You now have 7/11 mp.
Grinder burns!
Grinder grins, showing sharp teeth.
Grinder blinks!
There is a stone staircase leading up here.
Unknown command.
Grinder burns!
Grinder burns!
There is a stone staircase leading up here.
Grinder burns!
Grinder stops burning.
Aim: Grinder (heavily wounded)
The sticky flame hits Grinder.
Grinder is covered in liquid flames!
The ogre shouts!
You are feeling hungry.
Grinder burns!
Grinder blinks!
You now have 3/11 mp.
Grinder burns!
You don't have enough magic to cast that spell.
Grinder burns!
There is a stone staircase leading up here.
You swoop lightly up into the air.
You feel very comfortable in the air.
You feel somewhat more hungry.
Grinder burns!
You kill Grinder!
Your Fighting skill increases to level 2!
Your Fire Magic skill increases to level 5!
You have reached level 7!
The ogre hits you with a giant spiked club!
You take 9 damage, and have 26/40 hp.
MASSIVE DAMAGE!!
You now have 1/13 mp.
You see here 10 arrows.
You are starting to lose your buoyancy.
The gnoll shouts!
You hit the gnoll. You freeze the gnoll. The gnoll barely misses you.
You barely miss the gnoll. You claw the gnoll. You peck the gnoll.
The gnoll completely misses you.
You hit the gnoll. You freeze the gnoll. Your peck misses the gnoll.
The gnoll barely misses you.
You hit the gnoll but do no damage.
You float gracefully downwards.
The gnoll barely misses you.
Unknown command.
Aim: an ogre, wielding a giant spiked club The sticky flame hits the ogre.
The ogre is covered in liquid flames!
The ogre burns!
The ogre hits you with a giant spiked club!!
Ouch! That really hurt!
* * * LOW HITPOINT WARNING * * *
The gnoll barely misses you.
You take 26 damage, and have 5/40 hp.
MASSIVE DAMAGE!!
You now have 2/13 mp.
The ogre burns!
The gnoll hits you with a flail.
You die...

#.........#
###..#
#.........#
##.#
.#.......##
#.#####
......####
##.....###
....##
#.........
#.O...####
##O########
#.....###
##..# #.
#<...#####..##
##.
###.@O..#..##
#.. ###g....##
##.. ##....#
#... #......#
##..
#%.......# ###
#.........# #
#.........#
#.........#
#.........#


You could see an ogre (burning) and a gnoll.

Vanquished Creatures
  Grinder (D:4)
  An ogre (D:4)
  A gnoll shaman (D:4)
  An iguana (D:3)
  A worker ant (D:4)
  2 gnolls (D:4)
  11 adders
  2 adder skeletons (D:4)
  A worm (D:3)
  A giant gecko (D:1)
  6 orcs
  A giant cockroach (D:1)
  6 hobgoblins
  8 jackals
  6 kobolds
  2 quokkas (D:2)
  3 ball pythons
  4 bats
  6 goblins
  8 rats
72 creatures vanquished.

Notes
Turn   | Place    | Note
--------------------------------------------------------------
     0 | D:1      | Chemotherapy the Tengu Fire Elementalist began the quest for the Orb.
     0 | D:1      | Reached XP level 1. HP: 10/10 MP: 4/4
   405 | D:1      | Reached XP level 2. HP: 15/15 MP: 4/6
   615 | D:1      | Reached skill level 2 in Conjurations
  1276 | D:2      | Reached XP level 3. HP: 17/19 MP: 4/7
  1281 | D:2      | Learned a level 3 spell: Conjure Flame
  1548 | D:2      | Reached skill level 4 in Fire Magic
  1773 | D:2      | Reached skill level 3 in Conjurations
  1773 | D:2      | Reached XP level 4. HP: 11/24 MP: 1/8
  2394 | D:2      | Learned a level 4 spell: Sticky Flame
  2682 | D:3      | Reached skill level 1 in Fighting
  2682 | D:3      | Gained mutation: You can fly. [Tengu growth]
  2682 | D:3      | Reached XP level 5. HP: 22/29 MP: 5/9
  2988 | D:3      | Reached skill level 4 in Conjurations
  3296 | D:3      | Found a stormy altar of Qazlal.
  3498 | D:4      | Noticed an ogre
  3506 | D:4      | Killed an ogre
  3506 | D:4      | Reached skill level 3 in Dodging
  3506 | D:4      | Reached skill level 3 in Spellcasting
  3506 | D:4      | Reached XP level 6. HP: 34/34 MP: 1/11
  3868 | D:4      | Reached skill level 5 in Conjurations
  3967 | D:4      | Noticed Grinder
  3978 | D:4      | Killed Grinder
  3978 | D:4      | Reached skill level 2 in Fighting
  3978 | D:4      | Reached skill level 5 in Fire Magic
  3978 | D:4      | Reached XP level 7. HP: 40/40 MP: 1/13
  4019 | D:4      | HP: 5/40 [ogre/giant spiked club (26)]
  4020 | D:4      | Slain by a gnoll

Vault maps used:
D:1:      saegor_arrival_simple_c, minmay_cut_off
D:2:      kennysheep_big_flooded_room
D:3:      first_bread, nicolae_qazlal_general_emergency
D:4:      gammafunk_temple_overflow_statue, uniq_grinder

Skill      XL: |  1  2  3  4  5  6 |
---------------+-------------------+-----
Conjurations   | 2 3 4 5 |  5.5
Fire Magic     | 4 5 |  5.2
Fighting       | 1 2 |  2.0
Dodging        | 3 |  3.6
Spellcasting   | 3 |  3.6
Stealth        | |  2.0

Action                   |  1- 3 |  4- 6 |  7- 9 || total
-------------------------+-------+-------+-------++-------
Melee: Dagger            |     6 |       |       ||     6
       Whip              |    19 |    68 |     4 ||    91
       Trident           |     3 |       |       ||     3
       Peck              |     1 |     9 |     1 ||    11
       Kick              |     1 |    12 |     1 ||    14
 Cast: Flame Tongue      |    36 |    54 |       ||    90
       Sticky Flame      |       |     9 |     1 ||    10
 Abil: Fly               |       |     3 |       ||     3
  Use: Scroll            |       |     5 |       ||     5
 Stab: Sleeping          |     3 |       |       ||     3
  Eat: Fruit             |     3 |     1 |       ||     4
       Chunk             |       |     8 |       ||     8
Armor: Robe              |     7 |    20 |       ||    27
Dodge: Dodged            |    25 |    69 |     5 ||    99

Vault maps used:
D:1:      saegor_arrival_simple_c, minmay_cut_off
D:2:      kennysheep_big_flooded_room
D:3:      first_bread, nicolae_qazlal_general_emergency
D:4:      gammafunk_temple_overflow_statue, uniq_grinder

Table legend:
 A = Turns spent in this place as a percentage of turns spent in the entire game.
 B = Non-inter-level travel turns spent in this place as a percentage of non-inter-level travel turns spent in the entire game.
 C = Inter-level travel turns spent in this place as a percentage of turns spent in this place.
 D = Turns resting spent in this place as a percentage of non-inter-level travel turns spent in this place.
 E = Turns spent auto-exploring this place as a percentage of non-inter-level travel turns spent in this place.
 F = Non-inter-level travel turns spent in this place divided by the number of levels of this place that you've seen.
                   A       B       C       D       E      F
               +-------+-------+-------+-------+-------+----------------------
         Total | 100.0 | 100.0 |   0.7 |   6.3 |  11.4 | 205.2
       Dungeon | 100.0 | 100.0 |   0.7 |   6.3 |  11.4 | 205.2
               +-------+-------+-------+-------+-------+----------------------

Table legend:
 A = Kills in this place as a percentage of kills in entire the game.
 B = Kills by you in this place as a percentage of kills by you in the entire game.
 C = Kills by friends in this place as a percentage of kills by friends in the entire game.
 D = Other kills in this place as a percentage of other kills in the entire game.
 E = Experience gained in this place as a percentage of experience gained in the entire game.
 F = Experience gained in this place divided by the number of levels of this place that you have seen.
                   A       B       C       D       E      F
               +-------+-------+-------+-------+-------+----------------------
         Total | 100.0 | 100.0 |  -nan |  -nan | 100.0 | 194.0
       Dungeon | 100.0 | 100.0 |  -nan |  -nan | 100.0 | 194.0
               +-------+-------+-------+-------+-------+----------------------
